 Dungeon Crawl Stone Soup version 0.31-a0-924-ge39a22a033 (webtiles) character file.

Game seed: 13642754621320896884

735 Pixllover the Digger (level 7, 0/38 HPs)
             Began as a Gargoyle Earth Elementalist on Oct 18, 2023.
             Slain by an orc
             ... wielding a +2 trident of protection
              (9 damage)
             ... on level 5 of the Dungeon.
             The game lasted 00:08:46 (3738 turns).

Pixllover the Digger (Gargoyle Earth Elementalist)  Turns: 3738, Time: 00:08:47

Health: 0/38       AC:  9    Str: 14    XL:     7   Next: 74%
Magic:  13/14      EV: 12    Int: 15    God:
Gold:   269        SH:  0    Dex: 10    Spells: 13/16 levels left

rFire   . . .        f - +2 hand axe (drain)
rCold   . . .        (no shield)
rNeg    + . .        a - +0 robe
rPois   ∞            x - +0 helmet
rElec   +            m - +0 cloak
rCorr   .            y - +0 pair of gloves
SInv    .            (no boots)
Will    .....        (no amulet)
Stlth   ++           (no ring)
HPRegen 0.26/turn    (no ring)
MPRegen 0.14/turn

%: no passive effects
@: no status effects
A: sickness immunity, AC +4, negative energy resistance 1, electricity
resistance, torment resistance 1, petrification resistance
a: no special abilities


You were on level 5 of the Dungeon.
You visited 1 branch of the dungeon, and saw 5 of its levels.

You collected 269 gold pieces.

Inventory:

Hand Weapons
 f - a +2 hand axe of draining (weapon)
Missiles
 D - a throwing net
Armour
 a - a +0 robe (worn)
 m - a +0 cloak (worn)
 x - a +0 helmet (worn)
 y - a +0 pair of gloves (worn)
Jewellery
 w - a ring of protection from fire
Wands
 v - a wand of charming (10)
 B - a wand of roots (7)
Scrolls
 c - a scroll of enchant weapon {unknown}
 d - a scroll of teleportation {unknown}
 g - 2 scrolls of enchant armour {unknown}
 h - a scroll of poison {unknown}
 i - 2 scrolls of amnesia {unknown}
 j - 2 scrolls of silence {unknown}
 k - a scroll of immolation {unknown}
 l - a scroll of vulnerability {unknown}
 n - 2 scrolls of torment {unknown}
 o - 2 scrolls of butterflies {unknown}
 q - a scroll of revelation {unknown}
 r - 2 scrolls of identify {unknown}
 u - 2 scrolls of fog {unknown}
 z - a scroll of blinking {unknown}
 C - a scroll of fear {unknown}
Potions
 b - a potion of magic
 e - a potion of might {unknown}
 p - a potion of mutation {unknown}
 s - 5 potions of heal wounds {unknown}
 t - a potion of curing {unknown}
 A - a potion of lignification {unknown}


   Skills:
 + Level 1.3 Fighting
 + Level 1.7 Axes
 + Level 2.3 Dodging
 + Level 3.0 Stealth
 + Level 5.3 Spellcasting
 + Level 0.7 Transmutations
 + Level 6.8 Earth Magic


You had 13 spell levels left.
You knew the following spells:

 Your Spells              Type           Power      Damage    Failure   Level
a - Sandblast             Erth           48%        2d12      1%          1
b - Passwall              Tmut/Erth      12%        N/A       4%          2

Your spell library contained the following spells:

 Spells                   Type           Power      Damage    Failure   Level
 Stone Arrow              Conj/Erth      28%        3d8       12%         3
 Freeze                   Ice            12%        1d3       16%         1
 Petrify                  Tmut/Erth      15%        N/A       32%         4
 Brom's Barrelling Bould  Conj/Erth      14%        2d4       36%         4
 Frozen Ramparts          Ice            6%         1d1       43%         3
 Hailstorm                Conj/Ice       3%         3d3       43%         3


Dungeon Overview and Level Annotations

Branches:
Dungeon (5/15)
 Temple: D:4-7

Altars:
Qazlal
Zin

Shops:
D:1 *   D:5 [

Annotations:
D:5 1 runed translucent door, dertzug's ghost, novice DrSh


Innate Abilities, Weirdness & Mutations

You are immune to sickness and miasma.
Your stone body is resilient. (AC +4)
You are immune to poison.
You resist negative energy. (rN+)
You are resistant to electric shocks. (rElec)
You are resistant to unholy torment.
You are immune to petrification.


Message History

The hound is severely wounded.
The hound bites you but does no damage.
An orc comes into view. It is wielding a +1 dagger of venom.
The hound bites you but does no damage.
The orc hits you from afar with a +2 trident of protection.
You completely miss the hound.
The hound is heavily wounded.
The hound bites you but does no damage.
An orc comes into view. It is wielding a +0 dagger.
The hound misses you.
The orc hits you from afar with a +2 trident of protection.
The orc shouts!
You hit the hound.
The hound is severely wounded.
The hound bites you but does no damage.
The orc hits you from afar with a +2 trident of protection.
The hound bites you.
You hit the hound. You drain the hound.
You kill the hound!
The orc hits you from afar with a +2 trident of protection.
An orc comes into view. It is wielding a +0 whip.
The orc shouts!
You hit the orc.
The orc is severely wounded.
The orc splashes around in the water.
The orc hits you with a +0 club.
You hit the orc.
You kill the orc!
The orc splashes around in the water.
You hit the orc.
The orc is lightly wounded.
The orc barely misses you.
The orc splashes around in the water.
You closely miss the orc.
The orc is lightly wounded.
The orc closely misses you.
The orc hits you from afar with a +2 trident of protection.
The orc misses you.
The orc hits you from afar with a +2 trident of protection.
* * * LOW HITPOINT WARNING * * *
The orc hits you from afar with a +2 trident of protection!
You die...

#.....)...∩.........
##.###†.##...........
##..##..###.<.....)...
##......####...........
####P..##..###............
......P.....#..##.........
...♣..............########
....P†......####### #
#P..~~~..@.(# ##
#...♣~~~o..># #.
..♣~~~♣o†o..# #. #
♣♣~~~~....# ####.
.~~~♣o.#### #....
..♣~...P# #.... ....♣.....
#####.... ..........
.......<. #. .♣...$
#########


You could see 4 orcs.

Vanquished Creatures
  An ogre (D:4)
  A phantom (D:5)
  A scorpion (D:3)
  3 killer bees (D:4)
  3 hounds (D:5)
  A jelly (D:5)
  2 orc wizards (D:3)
  7 gnolls
  5 adders
  3 worms
  2 dart slugs
  7 orcs
  10 endoplasms
  3 giant cockroaches
  11 goblins
  13 hobgoblins
  3 jackals (D:3)
  5 kobolds
  4 quokkas
  10 ball pythons
  5 bats
  A frilled lizard (D:3)
  4 rats
105 creatures vanquished.

Notes
Turn   | Place    | Note
-------+----------+-------------------------------------------
     0 | D:1      | Pixllover the Gargoyle Earth Elementalist began the quest
                  | for the Orb.
     0 | D:1      | Reached XP level 1. HP: 10/10 MP: 3/3
   184 | D:1      | Found Sihitwat's Assorted Antiques.
   194 | D:1      | Reached skill level 4 in Earth Magic
   194 | D:1      | Reached XP level 2. HP: 15/15 MP: 1/5
   465 | D:1      | Reached XP level 3. HP: 19/19 MP: 3/6
  1317 | D:2      | Reached XP level 4. HP: 24/24 MP: 5/8
  1321 | D:2      | Found a faded altar of an unknown god.
  1321 | D:2      | Noticed an eye of devastation
  1328 | D:2      | Noticed a great orb of eyes
  1328 | D:2      | Noticed an eye of devastation
  1328 | D:2      | Noticed a shining eye
  1901 | D:3      | Reached skill level 5 in Earth Magic
  1909 | D:3      | Reached XP level 5. HP: 27/28 MP: 3/10
  2164 | D:3      | Reached skill level 1 in Axes
  2314 | D:3      | Identified the +5 mace of Paqanan {spect, *Noise rElec rF+
                  | Dex+3}
  2628 | D:3      | Reached skill level 1 in Fighting
  2628 | D:3      | Reached XP level 6. HP: 34/34 MP: 7/12
  2857 | D:4      | Found a stormy altar of Qazlal.
  3029 | D:4      | Reached skill level 6 in Earth Magic
  3152 | D:4      | Reached XP level 7. HP: 38/38 MP: 10/13
  3155 | D:4      | Learned a level 2 spell: Passwall
  3479 | D:4      | Found a glowing silver altar of Zin.
  3580 | D:5      | Entered Level 5 of the Dungeon
  3608 | D:5      | Found Fogeeg's Armour Boutique.
  3614 | D:5      | Found a runed translucent door.
  3619 | D:5      | Noticed dertzug's ghost (novice DrSh)
  3649 | D:5      | Reached skill level 5 in Spellcasting
  3738 | D:5      | Slain by an orc

Illustrated notes

Levels and vault maps discovered:
D:1:      dpeg_arrival_radiant, layout_basic, serial_shops,
          nicolae_shop_behind_doors
D:2:      layout_rooms, hellmonk_ecumenical_altar_watching_god, feat_on_display
D:3:      layout_loops_cross, palyth_stone_intersect,
          minmay_misc_feat_four_crosses, kennysheep_generic_room_15
D:4:      layout_gridville, mainiacjoe_overflow_paths, old_standard_altar
D:5:      layout_rooms, serial_bayou, serial_bayou_pond_e, serial_bayou_pond_a,
          serial_bayou_lake_a, serial_bayou_shore_b,
          hellmonk_ghost_happy_afterlife, serial_shops, shop,
          chequers_serial_rivers_large_b

Skill      XL: |  1  2  3  4  5  6  7 |
---------------+----------------------+-----
Earth Magic    | 4 5 6 |  6.8
Spellcasting   | 3 4 5 |  5.3
Axes           | 1 |  1.7
Fighting       | 1 |  1.3
Dodging        | 2 |  2.3
Stealth        | 3 |  3.0
Transmutations | |  0.7

Action                     |  1- 3 |  4- 6 |  7- 9 || total
---------------------------+-------+-------+-------++-------
  Melee: Hand axe          |    16 |    62 |    11 ||    89
   Cast: Sandblast         |    34 |    69 |    24 ||   127
   Stab: Sleeping          |     1 |       |       ||     1
 Armour: Robe              |    20 |    68 |    25 ||   113
  Dodge: Dodged            |    16 |    60 |     5 ||    81

Table legend: (Time is in decaauts)
 A = Elapsed time spent in this place.
 B = Non-inter-level travel time spent in this place.
 C = Inter-level travel time spent in this place.
 D = Time resting spent in this place.
 E = Time spent auto-exploring this place.
 F = Levels seen in this place.
 G = Mean time per level.
                   A        B        C        D        E       F      G
               +--------+--------+--------+--------+--------+-----+--------+
         Total |   3824 |   3714 |    110 |    399 |   2260 |   5 |  764.8 |
       Dungeon |   3824 |   3714 |    110 |    399 |   2260 |   5 |  764.8 |
               +--------+--------+--------+--------+--------+-----+--------+

Top non-repeatable levels by time:
     D:1: 1130 daAuts
     D:3: 937 daAuts
     D:4: 936 daAuts
     D:2: 654 daAuts
     D:5: 166 daAuts
